 Dungeon Crawl Stone Soup version 0.30-a0-137-gd8773701ce (webtiles) character file.

Game seed: 8097690918524662516

33 zishaf the Gusty (level 3, -7/20 HPs)
             Began as a Tengu Air Elementalist on Sept 23, 2022.
             Killed from afar by Sigmund (8 damage)
             ... with a puff of flame
             ... on level 2 of the Dungeon.
             The game lasted 00:02:14 (796 turns).

zishaf the Gusty (Tengu Air Elementalist)            Turns: 796, Time: 00:02:15

Health: -7/20      AC:  2    Str:  8    XL:     3   Next: 29%
Magic:  3/7        EV: 12    Int: 17    God:
Gold:   83         SH:  0    Dex: 14    Spells: 0/6 levels left

rFire   . . .      SeeInvis .    d - +2 dagger (speed)
rCold   . . .      Faith    .    (no shield)
rNeg    . . .      Spirit   .    a - +0 robe
rPois   .          Reflect  .    (helmet restricted)
rElec   .          Harm     .    (no cloak)
rCorr   .          Rampage  .    (no gloves)
Will    .....                    (boots unavailable)
Stlth   ++........               (no amulet)
HPRegen 0.06/turn                (no ring)
MPRegen 0.10/turn                (no ring)

@: no status effects
A: beak, talons 3
a: no special abilities


You were on level 2 of the Dungeon.
You visited 1 branch of the dungeon, and saw 2 of its levels.

You collected 83 gold pieces.

Inventory:

Hand Weapons
 d - a +2 dagger of speed (weapon)
Armour
 a - a +0 robe (worn)
Scrolls
 f - a scroll of teleportation {unknown}
Potions
 b - a potion of magic
 c - a potion of might {unknown}
 e - a potion of attraction {unknown}
 g - a potion of heal wounds {unknown}


   Skills:
 + Level 1.4 Fighting
 - Level 2.1 Dodging
 - Level 2.0 Stealth
 + Level 2.0 Spellcasting
 + Level 2.5 Conjurations
 + Level 4.6 Air Magic


You couldn't memorise any spells.
You knew the following spells:

 Your Spells              Type           Power      Damage    Failure   Level
a - Shock                 Conj/Air       52%        1d6       4%          1
b - Swiftness             Air            17%        N/A       9%          3
A - Static Discharge      Conj/Air       26%        2-4/arc   7%          2

Your spell library contained the following spells:

 Spells                   Type           Power      Damage    Failure   Level
 Airstrike                Air            8%         2d(2-18)  28%         4


Dungeon Overview and Level Annotations

Branches:
Dungeon (2/15)

Altars:

Annotations:
D:2 Sigmund


Innate Abilities, Weirdness & Mutations

You have a beak for a mouth.
You have claws for feet.


Message History

The hobgoblin shouts!
You closely miss the hobgoblin.
You claw the hobgoblin, but do no damage.
The hobgoblin is almost dead.
The hobgoblin barely misses you.
You hit the hobgoblin but do no damage. You claw the hobgoblin.
You kill the hobgoblin!
f - a scroll labelled WIAJEI KURGHO A goblin comes into view.
It is wielding a +0 hand axe.
You catch the helpless goblin completely off-guard!
You puncture the goblin!
You kill the goblin!
No target in view!
You now have 79 gold pieces (gained 5).
You now have 83 gold pieces (gained 4).
g - a cyan potion Sigmund and a quokka come into view.
Sigmund is wielding a +1 scythe of protection, wearing a +0 robe of willpower and carrying a wand of flame (5).
Sigmund shouts!
You hear an angry hiss.
Casting: Shock (safe; 4% risk of failure)
Confirm with . or Enter, or press ? or * to list all spells.
The spell is quite dangerous to miscast (9% risk of failure)!
Continue anyway?
You miscast Swiftness.
You are very lightly contaminated with residual magic.
You are blasted with air.
Sigmund closely misses you.
Casting: Swiftness (quite dangerous; 9% risk of failure)
Confirm with . or Enter, or press ? or * to list all spells.
The spell is quite dangerous to miscast (9% risk of failure)!
Continue anyway?
You feel quick. Sigmund closely misses you.
Sigmund zaps a wand.
The puff of flame hits you!
You start to feel a little slower.
Sigmund zaps a wand.
The puff of flame hits you!
* * * LOW HITPOINT WARNING * * *
Your magical contamination has completely faded away.
You see here a bat corpse.
You feel sluggish.
You start to feel a little faster.
You no longer feel sluggish.
Sigmund zaps a wand.
The puff of flame hits you!
You die...

##........## #..........#
#..........# #..........##
#..........# #...........#
#..........# #.......)...#
#..........# #...........#
#..........# #......†....#
##........## #####.#####.#
#..........###### #.# #.##
#.............@.###.# #..#
#.........>.###....@######.##
#...........######.....#
#..## #.............#
#..###.# ##.@#
##........###.....## # ##.##
##......## ###.. # #..#
######## #.. r...##.. ##.
#..... #. #####.


You could see Sigmund.

Vanquished Creatures
  2 dart slugs
  2 ball pythons
  3 bats
  4 endoplasms (D:1)
  A giant cockroach (D:1)
  4 goblins
  3 hobgoblins
  2 quokkas (D:1)
  3 rats (D:1)
24 creatures vanquished.

Notes
Turn   | Place    | Note
-------+----------+-------------------------------------------
     0 | D:1      | zishaf the Tengu Air Elementalist began the quest for the
                  | Orb.
     0 | D:1      | Reached XP level 1. HP: 10/10 MP: 4/4
   174 | D:1      | Reached XP level 2. HP: 16/16 MP: 0/6
   177 | D:1      | Learned a level 2 spell: Static Discharge
   289 | D:1      | Reached skill level 1 in Fighting
   563 | D:1      | Reached XP level 3. HP: 20/20 MP: 3/7
   607 | D:1      | Learned a level 3 spell: Swiftness
   637 | D:1      | You fall into a shaft and drop 1 floor!
   772 | D:2      | Noticed Sigmund
   784 | D:2      | HP: 1/20 [Sigmund/puff of flame (8)]
   796 | D:2      | Killed from afar by Sigmund

Illustrated notes

Levels and vault maps discovered:
D:1:      ncdulo_halloftheorcs, layout_basic,
          shapermc_ecumenical_altar_mp_ritualfount
D:2:      layout_rooms, uniq_sigmund

Skill      XL: |  1  2 |
---------------+-------+-----
Conjurations   | 2 |  2.5
Fighting       | 1 |  1.4
Dodging        | |  2.1
Stealth        | |  2.0
Spellcasting   | |  2.0
Air Magic      | |  4.6

Action                   || total
-------------------------++-------
Melee: Unarmed           ||     1
       Dagger            ||     5
       Kick              ||     3
 Cast: Shock             ||    48
       Swiftness         ||     1
 Stab: Distracted        ||     1
Armor: Robe              ||     1
Dodge: Dodged            ||     8

Table legend: (Time is in decaauts)
 A = Elapsed time spent in this place.
 B = Non-inter-level travel time spent in this place.
 C = Inter-level travel time spent in this place.
 D = Time resting spent in this place.
 E = Time spent auto-exploring this place.
 F = Levels seen in this place.
 G = Mean time per level.
                   A        B        C        D        E       F      G
               +--------+--------+--------+--------+--------+-----+--------+
         Total |    793 |    793 |      0 |     35 |    592 |   2 |  396.5 |
       Dungeon |    793 |    793 |      0 |     35 |    592 |   2 |  396.5 |
               +--------+--------+--------+--------+--------+-----+--------+

Top non-repeatable levels by time:
     D:1: 636 daAuts
     D:2: 157 daAuts
